 Dungeon Crawl Stone Soup version 0.27.1 (webtiles) character file.

Game seed: 3294774320347117252

546 acemry the Cleaver (level 7, 0/57 HPs)
             Began as a Minotaur Fighter on Sept 4, 2021.
             Slain by a killer bee (5 damage)
             ... on level 4 of the Dungeon.
             The game lasted 00:05:47 (3031 turns).

acemry the Cleaver (Minotaur Fighter)               Turns: 3031, Time: 00:05:50

Health: 0/57       AC:  7    Str: 29    XL:     7   Next: 6%
Magic:  6/6        EV: 10    Int:  5    God:
Gold:   182        SH:  0    Dex:  9    Spells: 6/6 levels left

rFire    . . .     SeeInvis .   a - +0 war axe
rCold    . . .     Faith    .   o - +2 buckler "Onoimima" {Str+6}
rNeg     . . .     Spirit   .   b - +1 scale mail
rPois    .         Reflect  .   (helmet restricted)
rElec    .         Harm     .   (no cloak)
rCorr    .         Rampage  .   (no gloves)
Will     .....                  (no boots)
Stlth    ..........             (no amulet)
HPRegen  0.19/turn              (no ring)
MPRegen  0.10/turn              (no ring)

@: confused, lethally poisoned (0 -> -12), ambrosia-drunk
A: horns 2, retaliatory headbutt
a: no special abilities


You were on level 4 of the Dungeon.
You visited 1 branch of the dungeon, and saw 4 of its levels.

You collected 182 gold pieces.

Inventory:

Hand Weapons
 a - a +0 war axe (weapon)
Missiles
 h - 20 bolts
 i - 8 poisoned darts (quivered)
Armour
 b - a +1 scale mail (worn)
 c - a +0 kite shield
 o - the +2 buckler "Onoimima" (worn) {Str+6}
   (You found it on level 4 of the Dungeon)

   Str:       It affects your strength (+6).
Jewellery
 g - a ring of positive energy
 n - a ring of protection from fire
Wands
 q - a wand of polymorph (10)
Scrolls
 e - a scroll of amnesia
 f - a scroll of enchant armour
 k - a scroll of teleportation {unknown}
 l - a scroll of magic mapping {unknown}
 p - a scroll of vulnerability {unknown}
Potions
 d - a potion of might
 m - a potion of attraction {unknown}


   Skills:
 - Level 3.6 Fighting
 + Level 9.2 Axes
 - Level 3.6 Armour
 * Level 3.8 Shields


You had 6 spell levels left.
You didn't know any spells.
Your spell library contained the following spells:

 Spells                   Type           Power      Damage    Failure   Level
 Ozocubu's Armour         Ice            0%         N/A       98%         3
 Metabolic Englaciation   Hex/Ice        0%         N/A       100%        5
 Simulacrum               Ice/Necr       0%         N/A       100%        6


Dungeon Overview and Level Annotations

Branches:
Dungeon (4/15)
 Temple: D:4-7

Altars:
Cheibriados
Elyvilon
Hepliaklqana
Ru


Innate Abilities, Weirdness & Mutations

You have a pair of horns on your head.
You reflexively headbutt those who attack you in melee.


Message History

You are more poisoned.
The killer bee poisons you! You block the killer bee's attack.
The killer bee stings you.
Your Axes skill increases to level 9!
You barely miss the killer bee.
The killer bee is moderately wounded.
You hit the killer bee.
You hit the killer bee but do no damage.
You feel very sick.
The killer bee stings you but does no damage.
The killer bee stings you! The killer bee barely misses you.
The killer bee stings you but does no damage.
The killer bee barely misses you. You block the killer bee's attack.
The killer bee stings you but does no damage.
You block the killer bee's attack.
You hit the killer bee. Your headbutt misses the killer bee.
The killer bee is moderately wounded.
Your scale mail prevents you from hitting the killer bee.
You miss the killer bee. You closely miss the killer bee.
You feel very sick. The killer bee stings you!
* * * LOW HITPOINT WARNING * * *
You are lethally poisoned!
The killer bee poisons you! You block the killer bee's attack.
The killer bee stings you but does no damage.
The killer bee closely misses you. You furiously retaliate!
You headbutt the killer bee!
You kill the killer bee!
The killer bee barely misses you. You furiously retaliate!
You headbutt the killer bee! The killer bee stings you.
* * * LOW HITPOINT WARNING * * *
The killer bee completely misses you.
You have reached level 7!
It was a potion of ambrosia.
You are confused.
You feel invigorated.
* * * LOW HITPOINT WARNING * * *
You feel very sick. The killer bee stings you.
You die...

. ......... #. #. ###.......# ...
#.####........# ....
#.............# . .... .
#.............##.. #.. ..
#................. #..
..#####.........yy...... #..
................@y....# #..
................y.....# #..
......................# #..
.............##.......# ..#..
.............##...#...# #.#..
............###...#...#######....
..........##......#...#........#.
..........##......#.....)........
..................##.............


You could see 4 killer bees.

Vanquished Creatures
  Sigmund (D:2)
  A steam dragon (D:4)
  2 killer bees (D:4)
  An iguana (D:4)
  7 gnolls (D:3)
  2 adders (D:2)
  2 dart slugs
  4 orcs (D:3)
  4 ball pythons
  5 bats
  2 endoplasms (D:1)
  5 giant cockroaches
  3 hobgoblins
  3 jackals (D:1)
  6 quokkas
  A frilled lizard (D:1)
  4 goblins
  6 kobolds
  6 rats
65 creatures vanquished.

Notes
Turn   | Place    | Note
-------+----------+-------------------------------------------
     0 | D:1      | acemry the Minotaur Fighter began the quest for the Orb.
     0 | D:1      | Reached XP level 1. HP: 19/19 MP: 0/0
    61 | D:1      | Reached skill level 3 in Axes
    87 | D:1      | Found a faded altar of an unknown god.
    95 | D:1      | Reached XP level 2. HP: 18/26 MP: 1/1
   515 | D:1      | Reached skill level 4 in Axes
   952 | D:2      | Reached XP level 3. HP: 26/31 MP: 2/2
  1112 | D:2      | Noticed Sigmund
  1126 | D:2      | Killed Sigmund
  1127 | D:2      | Reached skill level 6 in Axes
  1127 | D:2      | Reached XP level 4. HP: 21/39 MP: 3/3
  1127 | D:2      | Reached XP level 5. HP: 25/45 MP: 4/4
  1414 | D:2      | Reached skill level 7 in Axes
  1569 | D:2      | Found a white marble altar of Elyvilon.
  1779 | D:3      | Found a snail-covered altar of Cheibriados.
  2074 | D:3      | Found a hazy altar of Hepliaklqana.
  2151 | D:3      | Reached XP level 6. HP: 51/51 MP: 5/5
  2359 | D:3      | Found a sacrificial altar of Ru.
  2621 | D:4      | Noticed a steam dragon
  2626 | D:4      | Killed a steam dragon
  2627 | D:4      | Reached skill level 8 in Axes
  2897 | D:4      | Identified the +2 buckler "Onoimima" {Str+6}
  3029 | D:4      | Reached skill level 9 in Axes
  3031 | D:4      | Reached XP level 7. HP: 4/57 MP: 6/6
  3031 | D:4      | Slain by a killer bee

Illustrated notes

Levels and vault maps discovered:
D:1:      dpeg_arrival_court, layout_loops_ring,
          hellmonk_ecumenical_altar_run_dry, minmay_misc_feat_tower
D:2:      layout_loops_ring, basic_altar, minmay_misc_feat_plants, uniq_sigmund
D:3:      layout_loops_ring, lemuel_coloured_pillars_altar,
          nicolae_ru_sacrificial_ziggurat, mainiacjoe_overflow_brackets
D:4:      layout_basic, lemuel_round_altar

Skill      XL: |  1  2  3  4  5  6 |
---------------+-------------------+-----
Axes           | 3 4 6 7 9 |  9.2
Fighting       | |  3.6
Armour         | |  3.6
Shields        | |  3.8

Action                   |  1- 3 |  4- 6 |  7- 9 || total
-------------------------+-------+-------+-------++-------
Melee: War axe           |    56 |    71 |       ||   127
       Headbutt          |     5 |    14 |       ||    19
  Use: Scroll            |     3 |       |       ||     3
       Potion            |       |       |     1 ||     1
Armor: Scale mail        |    29 |    33 |       ||    62
Dodge: Dodged            |    29 |    46 |       ||    75
Block: Buckler           |       |     9 |       ||     9
